Map: Celestial Enclave LE

Players

Rogue - Winner!

  • Race: Zerg Zerg

Oliveira

  • Race: Terran Terran

VOD

Have the link to the VOD?

Description

Time

  • Played on: Jan. 18, 2026, 1:33 a.m.
  • Length: 13:35
Show
View Real Time Build Order
Export as new Build Order

Rogue Zerg - Winner!

Build Orders: Hatch First, Roach Hydra 

Get SALT Encoding   

  12  0:00  Drone  
  13  0:08  Drone  
  13  0:14  Extractor, Drone  
  15  0:36  Hatchery  
  15  0:39  Extractor  
  15  0:40  Drone  
  15  0:45  Overlord  
  15  1:00  Spawning Pool  
  15  1:03  Drone  
  15  1:06  Drone  
  15  1:10  Drone  
  17  1:14  Drone  
  18  1:25  Drone  
  19  1:36  Drone  
  20  1:46  Queen  
  20  1:47  Queen  
  20  1:49  Drone x2  
  26  1:58  Overlord  
  26  2:00  Drone  
  27  2:08  Drone  
  27  2:15  Hatchery  
  27  2:17  Drone  
  27  2:22  Spore Crawler  
  27  2:23  Drone  
  27  2:26  Drone  
  30  2:32  Queen  
  30  2:36  Extractor  
  31  2:37  Overlord  
  31  2:40  Drone  
  31  2:42  Drone  
  31  2:43  Drone  
  34  2:52  Drone x2  
  34  2:58  Drone x3  
  38  3:01  Drone x3  
  42  3:05  Overlord  
  42  3:08  Drone  
  43  3:16  Drone  
  44  3:22  Overlord  
  44  3:23  Queen  
  44  3:26  Queen  
  48  3:30  Drone x4  
  52  3:35  Roach Warren  
  52  3:37  Drone  
  52  3:38  Extractor  
  52  3:39  Drone  
  52  3:42  Drone x2  
  52  3:43  Drone  
  52  3:47  Drone  
  56  3:50  Evolution Chamber  
  56  3:53  Evolution Chamber  
  54  3:55  Drone  
  54  3:56  Drone x3  
  54  3:57  Drone  
  58  4:03  Drone  
  58  4:04  Drone x3  
  58  4:05  Drone  
  63  4:14  Overlord  
  63  4:20  Evolution Chamber  
  63  4:23  Roach  
  65  4:24  Overlord  
  65  4:26  Drone  
  65  4:28  Overlord x2  
  65  4:30  Overlord x2  
  66  4:32  Lair  
  66  4:37  Overlord  
  66  4:39  Zerg Ground Armor Level 1  
  66  4:40  Overlord  
  66  4:43  Drone x3  
  69  4:47  Roach x2  
  69  4:50  Roach  
  69  4:52  Drone x2  
  77  4:53  Extractor x2  
  77  4:54  Roach  
  77  4:55  Drone  
  77  4:56  Drone  
  77  4:57  Overlord  
  79  5:04  Hatchery  
  79  5:05  Drone x2  
  80  5:08  Extractor x2  
  80  5:09  Spore Crawler  
  80  5:10  Roach  
  80  5:12  Roach  
  82  5:14  Drone x2  
  82  5:17  Roach  
  82  5:20  Drone  
  82  5:21  Drone  
  87  5:23  Roach x2  
  87  5:24  Drone x2  
  87  5:28  Drone x2  
  95  5:29  Drone  
  95  5:33  Drone  
  95  5:34  Overseer  
  97  5:36  Zerg Missile Weapons Level 1  
  97  5:37  Drone  
  97  5:39  Glial Reconstitution  
  97  5:40  Spore Crawler  
  97  5:41  Drone  
  97  5:42  Drone  
  99  5:43  Drone  
  99  5:49  Drone x3  
  103  5:50  Drone, Infestation Pit  
  103  5:55  Hydralisk Den  
  102  5:58  Overlord  
  102  6:03  Overlord  
  102  6:04  Drone x7  
  103  6:10  Overlord  
  105  6:13  Drone x2  
  105  6:16  Evolution Chamber  
  105  6:17  Drone  
  105  6:18  Drone x2  
  109  6:20  Drone x2  
  109  6:22  Drone  
  107  6:30  Grooved Spines  
  107  6:32  Drone  
  107  6:33  Drone, Hive  
  107  6:35  Drone x4  
  107  6:39  Drone  
  110  6:42  Spore Crawler  
  107  6:48  Hydralisk x3  
  107  6:49  Hydralisk  
  107  6:51  Drone  
  115  6:55  Hydralisk  
  115  6:56  Hydralisk  
  119  7:03  Hydralisk x3  
  119  7:04  Hydralisk  
  127  7:10  Hydralisk x2, Extractor  
  127  7:11  Extractor  
  127  7:13  Roach x2  
  127  7:14  Roach  
  135  7:17  Zerg Ground Armor Level 2  
  135  7:20  Overlord  
  135  7:21  Roach  
  135  7:22  Roach  
  139  7:24  Roach  
  139  7:27  Muscular Augments, Overlord  
  141  7:30  Roach  
  141  7:31  Overlord  
  141  7:32  Roach  
  141  7:33  Roach  
  141  7:34  Roach  
  141  7:35  Roach  
  139  7:37  Overlord  
  139  7:40  Overlord x2  
  137  7:44  Roach x3  
  137  7:46  Roach  
  137  7:49  Zerg Missile Weapons Level 2  
  149  7:51  Roach x2  
  149  7:53  Roach  
  149  7:54  Roach  
  149  7:57  Overlord  
  153  7:59  Overseer, Metabolic Boost  
  153  8:06  Drone  
  153  8:08  Drone x4  
  158  8:13  Hatchery  
  158  8:15  Viper x2  
  158  8:18  Roach  
  158  8:19  Roach x4  
  173  8:23  Roach x2  
  173  8:24  Roach  
  173  8:25  Overlord  
  179  8:27  Roach x3  
  179  8:33  Roach x3  
  189  8:38  Drone x3  
  189  8:40  Hatchery  
  191  8:44  Lurker Den  
  190  8:51  Hydralisk  
  190  8:52  Hydralisk x4  
  196  9:02  Spine Crawler  
  196  9:04  Overseer  
  196  9:05  Hydralisk x2  
  199  9:17  Spore Crawler  
  198  9:18  Spore Crawler  
  198  9:20  Spore Crawler  
  198  9:23  Roach x2  
  200  9:27  Adrenal Glands  
  200  9:33  Overseer x2  
  200  9:36  Zerg Ground Armor Level 3  
  200  9:45  Seismic Spines  
  200  9:46  Overlord, Extractor  
  200  9:48  Hatchery  
  200  9:51  Hatchery  
  200  9:52  Roach x2  
  199  9:57  Roach  
  195  10:00  Roach x3  
  195  10:04  Roach x10  
  195  10:06  Roach  
  185  10:09  Unknown  
  185  10:10  Roach  
  185  10:11  Roach x6  
  185  10:12  Roach  
  185  10:13  Roach x2  
  181  10:15  Roach x2  
  181  10:20  Drone  
  181  10:21  Drone x2  
  188  10:25  Roach x5  
  188  10:26  Roach  
  200  10:33  Zerg Missile Weapons Level 3  
  200  10:42  Adaptive Talons  
  200  10:50  Roach  
  200  10:53  Roach x2  
  200  10:56  Roach x3  
  200  11:01  Roach  
  200  11:02  Roach  
  198  11:14  Hydralisk x6  
  188  11:19  Hydralisk x7  
  200  11:25  Pneumatized Carapace  
  200  11:26  Overseer x3  
  196  11:37  Hydralisk x9  
  196  11:39  Overlord  
  189  11:40  Drone x8  
  189  11:45  Roach x2  
  196  11:48  Overlord  
  196  12:01  Roach  
  198  12:04  Roach, Hatchery  
  181  12:37  Hydralisk  
  181  12:38  Hydralisk x14  
  181  12:41  Hydralisk  
  181  12:42  Roach x5  
  181  12:43  Roach x4  
  191  12:49  Roach  
Show
View Real Time Build Order
Export as new Build Order

Oliveira Terran 

Build Orders: Reaper Expand, Hellion Banshee 

Get SALT Encoding   

  12  0:00  SCV  
  13  0:12  SCV  
  14  0:17  Supply Depot  
  14  0:24  SCV  
  15  0:38  SCV  
  15  0:40  Barracks  
  15  0:42  Refinery  
  16  0:50  SCV  
  17  1:02  SCV  
  18  1:14  SCV  
  19  1:27  Reaper, Orbital Command  
  20  1:41  Command Center  
  20  1:50  Supply Depot  
  20  1:53  SCV  
  21  1:59  Marine  
  22  2:05  SCV  
  23  2:12  Factory  
  23  2:18  SCV  
  23  2:19  Barracks Reactor  
  24  2:30  SCV  
  25  2:38  Command Center  
  25  2:42  SCV  
  26  2:52  Orbital Command  
  26  2:58  Starport  
  26  2:59  SCV  
  26  3:04  Refinery  
  27  3:07  Barracks Tech Lab  
  27  3:11  SCV  
  28  3:17  Hellion x2  
  33  3:20  SCV  
  33  3:23  SCV  
  34  3:32  SCV  
  35  3:34  Marine  
  35  3:35  SCV  
  35  3:40  Viking  
  39  3:42  Hellion x2  
  39  3:44  SCV  
  39  3:48  SCV  
  45  3:51  Orbital Command  
  45  3:53  Interference Matrix  
  45  4:04  Hellion x2  
  45  4:07  SCV x2  
  51  4:10  Barracks Tech Lab  
  51  4:13  Supply Depot  
  51  4:14  Banshee  
  54  4:22  SCV  
  54  4:23  SCV  
  56  4:32  SCV  
  56  4:35  SCV, Barracks  
  56  4:36  Supply Depot  
  56  4:38  Marine, Stimpack, Factory Reactor  
  59  4:39  SCV  
  59  4:40  Barracks  
  59  4:44  SCV  
  61  4:48  SCV  
  61  4:51  SCV  
  63  4:56  SCV  
  63  4:57  Banshee  
  67  5:00  Engineering Bay x2  
  67  5:02  SCV, Refinery  
  67  5:04  Refinery  
  67  5:05  Marine  
  67  5:06  SCV  
  70  5:09  SCV  
  71  5:16  SCV  
  71  5:17  Barracks  
  71  5:18  Barracks, SCV  
  71  5:21  SCV  
  74  5:28  Orbital Command, SCV  
  74  5:32  Terran Infantry Armor Level 1, Terran Infantry Weapons Level 1  
  77  5:37  Supply Depot, SCV  
  77  5:39  Supply Depot  
  77  5:40  Supply Depot  
  76  5:46  Barracks  
  76  5:50  Starport Reactor  
  76  5:53  Barracks  
  76  5:54  SCV  
  77  5:58  Marine x4  
  77  5:59  SCV x2  
  77  6:00  Barracks  
  77  6:03  Marauder  
  85  6:04  Supply Depot  
  85  6:06  Barracks Reactor x2  
  85  6:07  SCV  
  86  6:17  Marine x2  
  86  6:18  Siege Tank  
  91  6:19  SCV  
  91  6:20  Marine  
  91  6:23  Marine  
  91  6:24  SCV  
  93  6:26  Marine  
  93  6:27  Medivac x2  
  96  6:36  Barracks Reactor, SCV  
  96  6:39  SCV  
  98  6:41  Marine  
  98  6:42  Barracks Tech Lab  
  98  6:43  Marine x2  
  98  6:44  Marine x3  
  98  6:45  Supply Depot, SCV  
  105  6:47  Barracks Tech Lab  
  105  6:49  SCV  
  105  6:51  Supply Depot, Marine  
  105  6:52  Supply Depot  
  107  6:54  Armory  
  107  6:55  Marine  
  107  6:59  Medivac x2, Siege Tank  
  107  7:00  SCV  
  116  7:03  Marine  
  116  7:06  Marine x3  
  120  7:11  Marine x2  
  120  7:13  Marine  
  120  7:14  Marine  
  120  7:15  Marine x2  
  126  7:16  Marauder, Supply Depot  
  126  7:19  Refinery  
  122  7:24  Marauder  
  122  7:25  Marauder  
  122  7:26  Marine  
  122  7:27  SCV  
  128  7:35  Concussive Shells  
  128  7:36  Combat Shield, Marine  
  112  7:37  Marine  
  112  7:38  Marine, Marauder  
  112  7:41  Marine x2  
  112  7:42  Marine x3  
  116  7:46  Marauder, Siege Tank  
  116  7:49  Terran Infantry Weapons Level 2  
  121  7:53  Marine  
  122  7:59  Marine x3  
  122  8:00  Marine  
  122  8:01  Marine x5  
  122  8:02  Terran Infantry Armor Level 2  
  131  8:05  Supply Depot  
  131  8:07  Supply Depot  
  131  8:11  Marine  
  132  8:15  Marine  
  132  8:17  Marine  
  132  8:18  Marine  
  132  8:19  Marine  
  136  8:21  Marine x2  
  136  8:22  Marauder  
  136  8:24  Supply Depot  
  139  8:30  Supply Depot x2  
  139  8:33  Marine x2  
  139  8:34  Marine  
  124  8:35  Marauder x2, Marine x2  
  124  8:38  Marine  
  124  8:40  Siege Tank  
  134  8:41  Marine x3  
  134  8:42  Medivac x2  
  134  8:43  Marine  
  142  8:48  Marine  
  141  8:55  Marine  
  141  8:56  Marine x4, Marauder x2  
  141  9:00  Marine  
  141  9:01  Supply Depot  
  151  9:05  Marine x2  
  151  9:07  Marine, Marauder  
  156  9:14  Marine  
  157  9:17  Marine x3  
  157  9:18  Marauder x2, Siege Tank, Liberator  
  157  9:22  Liberator  
  157  9:24  Marine x2  
  172  9:26  Marine  
  172  9:27  Marine  
  175  9:35  Marauder  
  175  9:36  Marine x2  
  179  9:39  Marauder  
  179  9:40  Marine x2  
  179  9:42  Marine x3, Marauder  
  188  9:46  Marine  
  178  10:01  Marine  
  178  10:02  Marine, Marauder x2  
  178  10:04  Marine  
  178  10:05  Marine  
  178  10:06  Marine, Marauder  
  151  10:07  Marine x2  
  151  10:08  Marine x3  
  123  10:18  Siege Tank  
  123  10:19  Marine, Liberator x2  
  129  10:21  Terran Infantry Weapons Level 3  
  129  10:23  Marine x2, Marauder  
  129  10:25  Marine x2  
  129  10:28  Marine  
  136  10:34  Marine x2, Marauder  
  140  10:38  Marine x2  
  140  10:42  Marine  
  143  10:44  Marine x3  
  143  10:46  Marauder  
  143  10:47  Marine  
  143  10:48  Terran Infantry Armor Level 3  
  149  10:55  Marine x3, Marauder  
  149  10:56  Marauder  
  141  10:59  Marine x2  
  136  11:06  Marine x2  
  136  11:08  Marauder  
  136  11:09  Marine x3  
  135  11:13  Marine x3  
  135  11:16  Marine  
  135  11:18  Siege Tank  
  130  11:19  Liberator  
  130  11:23  Liberator  
  130  11:25  Marauder  
  138  11:26  Marine  
  136  11:36  Marine  
  136  11:39  Marine x2, Marauder  
  132  11:40  Marine x2  
  132  11:41  Marine, Marauder  
  132  11:43  Marine x2  
  132  11:45  Marine x2  
  132  11:46  Marauder  
  143  11:54  Marine  
  143  12:00  Siege Tank  
  143  12:01  Marauder  
  149  12:06  Marine x3  
  149  12:07  Marauder, Marine x2  
  156  12:12  Medivac x2  
  156  12:15  Marine x3  
  158  12:16  Marauder  
  158  12:17  Marine  
  158  12:21  Marine  
  158  12:22  Marauder  
  167  12:24  Marine x2  
  167  12:27  Marine x2  
  167  12:28  Marauder  
  173  12:32  Command Center  
  173  12:35  Marine x2  
  150  12:37  Marine, Marauder  
  150  12:38  Marine x2  
  150  12:40  Marine  
  150  12:43  Marine x2  
  150  12:44  Marauder  
  114  12:45  Marine  
  114  12:50  Marauder  
  92  12:59  Marauder  
  92  13:05  Marauder  
Tags
 
Add a new tag
Caveats
  • Supply blocks, unpowered buildings, or Contaminate may cause inaccurate times.
  • Supply counts are checked every 10 seconds.